| TOP OF THE 1ST |
|
Trenton Thunder batting - Pitching for Birmingham Barons : RHP Eddie Fell
|
|
Pitching: RHP Eddie Fell
|
|
|
Batting: RHB Stu Rancourt
|
0-0: Ball 1-0: Ball 2-0: Swinging Strike 2-1: Ball 3-1: Foul Ball, location: 2F 3-2: Strikes out swinging
|
|
Batting: SHB David Bantista
|
0-0: Foul Ball, location: 2F 0-1: Foul Ball, location: 2F 0-2: SINGLE (Flyball, 8RS, EV 90.0 MPH)
|
|
Batting: RHB Jeremy Lewis
|
0-0: Called Strike David Bantista is caught stealing 2nd base 2-4 0-1: Fly out, F6 (Popup, 6S, EV 85.0 MPH)
|
| Top of the 1st over - 0 runs, 1 hit, 0 errors, 0 left on base; Trenton 0 - Birmingham 0 |
| BOTTOM OF THE 1ST |
|
Birmingham Barons batting - Pitching for Trenton Thunder : LHP Armando Florez
|
|
Pitching: LHP Armando Florez
|
|
|
Batting: RHB Bobby Gulsby
|
0-0: Called Strike 0-1: Fly out, F7 (Flyball, 78S, EV 86.9 MPH)
|
|
Batting: RHB Dieter Knoops
|
0-0: Ball 1-0: Swinging Strike 1-1: Foul Ball, location: 2F 1-2: Strikes out swinging
|
|
Batting: RHB Danny Bunn
|
0-0: Ball 1-0: Called Strike 1-1: Ball 2-1: Foul Ball, location: 2F 2-2: Strikes out swinging
|
| Bottom of the 1st over - 0 runs, 0 hits, 0 errors, 0 left on base; Trenton 0 - Birmingham 0 |
| TOP OF THE 2ND |
|
Trenton Thunder batting - Pitching for Birmingham Barons : RHP Eddie Fell
|
|
Batting: RHB Alex Harvey
|
0-0: Called Strike 0-1: Ball 1-1: Ground out 4-3 (Groundball, 4, EV 92.5 MPH)
|
|
Batting: SHB Bobby Reynolds
|
0-0: Swinging Strike 0-1: Ball 1-1: Swinging Strike 1-2: Strikes out swinging
|
|
Batting: RHB Herb Craig
|
0-0: Ball 1-0: Foul Ball, location: 2F 1-1: Ball 2-1: Called Strike 2-2: Ball 3-2: Strikes out swinging
|
| Top of the 2nd over - 0 runs, 0 hits, 0 errors, 0 left on base; Trenton 0 - Birmingham 0 |
| BOTTOM OF THE 2ND |
|
Birmingham Barons batting - Pitching for Trenton Thunder : LHP Armando Florez
|
|
Batting: RHB Casey McKinney
|
0-0: Called Strike 0-1: Foul Ball, location: 2F 0-2: Fly out, F9 (Flyball, 89S, EV 81.2 MPH)
|
|
Batting: RHB Bill Williams
|
0-0: Called Strike 0-1: Foul Ball, location: 2F 0-2: Ball 1-2: Foul Ball, location: 2F 1-2: SINGLE (Line Drive, 56D, EV 95.6 MPH)
|
|
Batting: LHB Kevin Rolison
|
0-0: Called Strike 0-1: Ball 1-1: Called Strike 1-2: Foul Ball, location: 2F 1-2: DOUBLE (Flyball, 8RXD, EV 98.8 MPH) Bill Williams to third
|
|
Batting: RHB Tony Reyna
|
0-0: Fly out, F8 (Flyball, 78M, EV 77.5 MPH)
|
|
Batting: RHB D.J. McManigle
|
0-0: Swinging Strike 0-1: Called Strike 0-2: Ball 1-2: Ball 2-2: Strikes out swinging
|
| Bottom of the 2nd over - 0 runs, 2 hits, 0 errors, 2 left on base; Trenton 0 - Birmingham 0 |
| TOP OF THE 3RD |
|
Trenton Thunder batting - Pitching for Birmingham Barons : RHP Eddie Fell
|
|
Batting: RHB Jose Garza
|
0-0: Fly out, F4 (Popup, 13, EV 76.2 MPH)
|
|
Batting: RHB John Rodd
|
0-0: Ball 1-0: Foul Ball, location: 2F 1-1: Ball 2-1: Foul Ball, location: 2F 2-2: Ball 3-2: Foul Ball, location: 2F 3-2: Fly out, F8 (Flyball, 8LD, EV 104.4 MPH)
|
|
Batting: SHB Roberto Castaneda
|
0-0: Ball 1-0: Ball 2-0: SINGLE (Groundball, 34, EV 95.6 MPH)
|
|
Batting: RHB Stu Rancourt
|
0-0: Ball 1-0: Called Strike 1-1: Hit by Pitch Roberto Castaneda to second
|
|
Batting: SHB David Bantista
|
0-0: DOUBLE (Line Drive, 89M, EV 106.9 MPH) Roberto Castaneda scores Stu Rancourt to third Runner from 3rd tries for Home, SAFE, no throw by RF
|
|
Batting: RHB Jeremy Lewis
|
0-0: Called Strike 0-1: Called Strike 0-2: Ball 1-2: Ground out 6-3 (Groundball, 6, EV 86.9 MPH)
|
| Top of the 3rd over - 2 runs, 2 hits, 0 errors, 1 left on base; Trenton 2 - Birmingham 0 |
| BOTTOM OF THE 3RD |
|
Birmingham Barons batting - Pitching for Trenton Thunder : LHP Armando Florez
|
|
Batting: RHB Sharafat Khanum
|
0-0: Ground out 5-3 (Groundball, 56S, EV 90.0 MPH)
|
|
Batting: RHB Bobby Gulsby
|
0-0: Ball 1-0: Ball 2-0: Ball 3-0: Base on Balls
|
|
Batting: RHB Dieter Knoops
|
0-0: Fielders Choice at 2nd, U6 (Groundball, P, EV 88.8 MPH)
|
|
Batting: RHB Danny Bunn
|
0-0: Called Strike 0-1: Called Strike 0-2: Ball 1-2: Foul Ball, location: 2F 1-2: Foul Ball, location: 2F 1-2: Strikes out swinging
|
| Bottom of the 3rd over - 0 runs, 0 hits, 0 errors, 1 left on base; Trenton 2 - Birmingham 0 |
| TOP OF THE 4TH |
|
Trenton Thunder batting - Pitching for Birmingham Barons : RHP Eddie Fell
|
|
Batting: RHB Alex Harvey
|
0-0: Swinging Strike 0-1: Ball 1-1: Ball 2-1: Foul Ball, location: 2F 2-2: Foul Ball, location: 2F 2-2: Strikes out swinging
|
|
Batting: SHB Bobby Reynolds
|
0-0: Foul Ball, location: 2F 0-1: SINGLE (Line Drive, 89S, EV 101.2 MPH)
|
|
Batting: RHB Herb Craig
|
0-0: Called Strike Bobby Reynolds steals 2nd base 0-1: Swinging Strike 0-2: Ball 1-2: Ball 2-2: Ball 3-2: Base on Balls
|
|
Batting: RHB Jose Garza
|
0-0: Ball 1-0: Called Strike Bobby Reynolds steals 3rd base Herb Craig to second 1-1: Foul Ball, location: 2F 1-2: SINGLE (Groundball, 6MD, EV 96.9 MPH) Bobby Reynolds scores Herb Craig to third Runner from 3rd tries for Home, throw by CF and OUT! 8-2
|
|
Batting: RHB John Rodd
|
0-0: Called Strike Jose Garza steals 2nd base 0-1: Ball 1-1: Ground out 5-3 (Groundball, 25, EV 82.5 MPH)
|
| Top of the 4th over - 1 run, 2 hits, 0 errors, 1 left on base; Trenton 3 - Birmingham 0 |
| BOTTOM OF THE 4TH |
|
Birmingham Barons batting - Pitching for Trenton Thunder : LHP Armando Florez
|
|
Batting: RHB Casey McKinney
|
0-0: Called Strike 0-1: Ball 1-1: Ball 2-1: Ball 3-1: Base on Balls
|
|
Batting: RHB Bill Williams
|
0-0: Called Strike 0-1: Ball 1-1: Foul Ball, location: 2F 1-2: Ball 2-2: SINGLE (Groundball, 34D, EV 95.0 MPH) Casey McKinney to second Runner from 2nd tries for 3rd, SAFE, throw by RF made to third
|
|
Batting: LHB Kevin Rolison
|
0-0: Fly out, F9 (Flyball, 9, EV 88.1 MPH) Runner from 3rd tags up, SCORES, throw by RF
|
|
Batting: RHB Tony Reyna
|
0-0: Ball 1-0: Foul Ball, location: 2F 1-1: SINGLE (Groundball, 6MD, EV 96.2 MPH) Bill Williams to second Runner from 2nd tries for 3rd, SAFE, throw by CF made to third Tony Reyna to second
|
|
Batting: RHB D.J. McManigle
|
0-0: Ball 1-0: Fly out, F2 (Popup, 2RF, EV 88.1 MPH)
|
|
Batting: RHB Sharafat Khanum
|
0-0: Ball 1-0: Foul Ball, location: 2F 1-1: Ground out 6-3 (Groundball, 6, EV 76.9 MPH)
|
| Bottom of the 4th over - 1 run, 2 hits, 0 errors, 2 left on base; Trenton 3 - Birmingham 1 |
| TOP OF THE 5TH |
|
Trenton Thunder batting - Pitching for Birmingham Barons : RHP Eddie Fell
|
|
Batting: SHB Roberto Castaneda
|
0-0: Ball 1-0: Called Strike 1-1: Foul Ball, location: 2F 1-2: DOUBLE (Line Drive, 78XD, EV 110.0 MPH)
|
|
Batting: RHB Stu Rancourt
|
0-0: Called Strike 0-1: SINGLE (Flyball, 3D, EV 95.6 MPH) Roberto Castaneda to third
|
|
Batting: SHB David Bantista
|
0-0: Ball 1-0: Called Strike 1-1: Ball 2-1: Ball 3-1: Called Strike 3-2: Strikes out swinging
|
|
Batting: RHB Jeremy Lewis
|
0-0: Ball 1-0: Ball 2-0: Called Strike 2-1: Foul Ball, location: 2F 2-2: Ground out 5-3 (Groundball, 56, EV 90.6 MPH) Roberto Castaneda scores Stu Rancourt to second
|
|
Batting: RHB Alex Harvey
|
0-0: Ball 1-0: Foul Ball, location: 2F 1-1: Swinging Strike 1-2: Ball 2-2: DOUBLE (Line Drive, 8RXD, EV 106.2 MPH) Stu Rancourt scores
|
|
Pitching: RHP Willie Lasso
|
|
|
Batting: SHB Bobby Reynolds
|
0-0: Called Strike 0-1: Ground out U3 (Groundball, 3, EV 83.8 MPH)
|
| Top of the 5th over - 2 runs, 3 hits, 0 errors, 1 left on base; Trenton 5 - Birmingham 1 |
| BOTTOM OF THE 5TH |
|
Birmingham Barons batting - Pitching for Trenton Thunder : LHP Armando Florez
|
|
Batting: RHB Bobby Gulsby
|
0-0: Ball 1-0: Ball 2-0: Foul Ball, location: 2F 2-1: Ball 3-1: Base on Balls
|
|
Batting: RHB Dieter Knoops
|
0-0: DOUBLE (Line Drive, 7D, EV 96.2 MPH) Bobby Gulsby to third Runner from 3rd tries for Home, SAFE, throw by LF to home
|
|
Batting: RHB Danny Bunn
|
0-0: Ball Dieter Knoops steals 3rd base 1-0: SINGLE (Groundball, 6D, EV 108.1 MPH) Dieter Knoops scores
|
|
Batting: RHB Casey McKinney
|
0-0: Ball 1-0: Foul Ball, location: 2F 1-1: Grounds into double play, 4-6-3 (Groundball, 4M, EV 85.0 MPH)
|
|
Batting: RHB Bill Williams
|
0-0: Ball 1-0: Swinging Strike 1-1: Ball 2-1: Ball 3-1: Base on Balls
|
|
Batting: LHB Kevin Rolison
|
0-0: Ball 1-0: Foul Ball, location: 2F 1-1: Ball 2-1: Ball 3-1: Base on Balls Bill Williams to second
|
|
Batting: RHB Tony Reyna
|
0-0: Foul Ball, location: 2F 0-1: Ball 1-1: Ball 2-1: Swinging Strike 2-2: Foul Ball, location: 2F 2-2: Ground out 4-3 (Groundball, 34, EV 90.6 MPH)
|
| Bottom of the 5th over - 2 runs, 2 hits, 0 errors, 2 left on base; Trenton 5 - Birmingham 3 |
| TOP OF THE 6TH |
|
Trenton Thunder batting - Pitching for Birmingham Barons : RHP Willie Lasso
|
|
Batting: RHB Herb Craig
|
0-0: Ball 1-0: Called Strike 1-1: Foul Ball, location: 2F 1-2: Foul Ball, location: 2F 1-2: Foul Ball, location: 2F 1-2: Ball 2-2: Ball 3-2: Reached on error, E9 (Line Drive, 9, EV 88.1 MPH)
|
|
Batting: RHB Jose Garza
|
0-0: Ball 1-0: Called Strike 1-1: Swinging Strike 1-2: Fly out, F7 (Flyball, 7LS, EV 85.6 MPH)
|
|
Batting: RHB John Rodd
|
0-0: Called Strike 0-1: Called Strike 0-2: Strikes out swinging
|
|
Batting: SHB Roberto Castaneda
|
0-0: Called Strike 0-1: Swinging Strike 0-2: Ball 1-2: Strikes out swinging
|
| Top of the 6th over - 0 runs, 0 hits, 1 error, 1 left on base; Trenton 5 - Birmingham 3 |
| BOTTOM OF THE 6TH |
|
Birmingham Barons batting - Pitching for Trenton Thunder : LHP Armando Florez
|
|
Pitching: RHP Nick Howard
|
|
|
Batting: RHB D.J. McManigle
|
0-0: Ball 1-0: Called Strike 1-1: Called Strike 1-2: Ball 2-2: Fly out, F7 (Flyball, 7LS, EV 73.8 MPH)
|
|
Pinch Hitting: LHB Branden Keene
|
0-0: Foul Ball, location: 2F 0-1: Ball 1-1: Ground out U3 (Groundball, 3, EV 79.4 MPH)
|
|
Batting: RHB Bobby Gulsby
|
0-0: Foul Ball, location: 2F 0-1: Ball 1-1: Ground out 6-3 (Groundball, 6S, EV 88.8 MPH)
|
| Bottom of the 6th over - 0 runs, 0 hits, 0 errors, 0 left on base; Trenton 5 - Birmingham 3 |
| TOP OF THE 7TH |
|
Trenton Thunder batting - Pitching for Birmingham Barons : RHP Willie Lasso
|
|
Pitching: RHP Jesus Griego
|
|
|
Now at 3B: Justin Thacker
|
|
|
Batting: RHB Stu Rancourt
|
0-0: Ball 1-0: Ball 2-0: Ball 3-0: Called Strike 3-1: Ground out 6-3 (Groundball, 56, EV 110.6 MPH)
|
|
Batting: SHB David Bantista
|
0-0: Ball 1-0: Called Strike 1-1: Foul Ball, location: 2F 1-2: Ball 2-2: Foul Ball, location: 2F 2-2: Ball 3-2: Foul Ball, location: 2F 3-2: Fly out, F8 (Flyball, 8LXD, EV 93.8 MPH)
|
|
Batting: RHB Jeremy Lewis
|
0-0: Called Strike 0-1: Ball 1-1: Ball 2-1: Swinging Strike 2-2: Foul Ball, location: 2F 2-2: DOUBLE (Groundball, 5L, EV 106.9 MPH)
|
|
Batting: RHB Alex Harvey
|
0-0: Fly out, F8 (Flyball, 8RD, EV 92.5 MPH)
|
| Top of the 7th over - 0 runs, 1 hit, 0 errors, 1 left on base; Trenton 5 - Birmingham 3 |
| BOTTOM OF THE 7TH |
|
Birmingham Barons batting - Pitching for Trenton Thunder : RHP Nick Howard
|
|
Batting: RHB Dieter Knoops
|
0-0: Ball 1-0: Ball 2-0: Called Strike 2-1: Called Strike 2-2: Fly out, F7 (Flyball, 7D, EV 102.5 MPH)
|
|
Batting: RHB Danny Bunn
|
0-0: Ball 1-0: SINGLE (Groundball, 6MD, EV 108.1 MPH)
|
|
Batting: RHB Casey McKinney
|
0-0: Foul Ball, location: 2F 0-1: Ball 1-1: Ball 2-1: Ball 3-1: DOUBLE (Groundball, 5L, EV 111.2 MPH) Danny Bunn to third Runner from 3rd tries for Home, SAFE, throw by LF to home
|
|
Batting: RHB Bill Williams
|
0-0: Foul Ball, location: 2F 0-1: Swinging Strike 0-2: Strikes out looking
|
|
Batting: LHB Kevin Rolison
|
0-0: Ball 1-0: Ball 2-0: Ball 3-0: Base on Balls
|
|
Pinch Hitting: LHB Ryan Karg
|
0-0: Ball 1-0: Ball 2-0: Ball 3-0: Called Strike 3-1: Base on Balls Casey McKinney to third Kevin Rolison to second
|
|
Batting: LHB Ryan Dyal
|
0-0: Ball 1-0: Called Strike 1-1: Ball 2-1: Ball 3-1: Swinging Strike 3-2: Foul Ball, location: 2F 3-2: Foul Ball, location: 2F 3-2: Strikes out swinging
|
| Bottom of the 7th over - 1 run, 2 hits, 0 errors, 3 left on base; Trenton 5 - Birmingham 4 |
| TOP OF THE 8TH |
|
Trenton Thunder batting - Pitching for Birmingham Barons : RHP Jesus Griego
|
|
Pitching: RHP Ryan Columbo
|
|
|
Now at 2B: John Looney
|
|
|
Batting: SHB Bobby Reynolds
|
0-0: Called Strike 0-1: Fly out, F7 (Flyball, 78M, EV 88.1 MPH)
|
|
Batting: RHB Herb Craig
|
0-0: Called Strike 0-1: Ball 1-1: Ball 2-1: Swinging Strike 2-2: Ball 3-2: Strikes out swinging
|
|
Batting: RHB Jose Garza
|
0-0: Ball 1-0: Called Strike 1-1: Fly out, F3 (Flyball, 3D, EV 73.1 MPH)
|
| Top of the 8th over - 0 runs, 0 hits, 0 errors, 0 left on base; Trenton 5 - Birmingham 4 |
| BOTTOM OF THE 8TH |
|
Birmingham Barons batting - Pitching for Trenton Thunder : RHP Nick Howard
|
|
Pitching: RHP Jose Ricoy
|
|
|
Batting: RHB Justin Thacker
|
0-0: Ball 1-0: Swinging Strike 1-1: Ball 2-1: Swinging Strike 2-2: Ball 3-2: Foul Ball, location: 2F 3-2: Base on Balls
|
|
Batting: RHB Bobby Gulsby
|
0-0: Ball 1-0: SINGLE (Line Drive, 9S, EV 105.6 MPH) Justin Thacker to second
|
|
Batting: RHB Dieter Knoops
|
0-0: Called Strike 0-1: Foul Ball, location: 2F 0-2: Ground out 4-3 (Groundball, 4MS, EV 70.0 MPH) Justin Thacker to third Bobby Gulsby to second
|
|
Batting: RHB Danny Bunn
|
0-0: SINGLE (Groundball, 4MD, EV 102.5 MPH) (infield hit) Justin Thacker scores Bobby Gulsby to third
|
|
Batting: RHB Casey McKinney
|
0-0: Ball 1-0: Called Strike 1-1: Ball 2-1: Foul Ball, location: 2F 2-2: Ball 3-2: Foul Ball, location: 2F 3-2: DOUBLE (Groundball, 5L, EV 102.5 MPH) Bobby Gulsby scores Danny Bunn to third Runner from 3rd tries for Home, SAFE, no throw by LF
|
|
Batting: RHB Bill Williams
|
0-0: Foul Ball, location: 2F 0-1: Ball 1-1: Called Strike 1-2: Foul Ball, location: 2F 1-2: Ball 2-2: Fly out, F8 (Flyball, 8RXD, EV 101.9 MPH) Runner from 2nd tags up, SAFE at 3rd, no throw by CF
|
|
Pitching: LHP U-suk Leem
|
|
|
Batting: LHB Kevin Rolison
|
0-0: Ball 1-0: SINGLE (Flyball, 89S, EV 95.6 MPH) Casey McKinney scores
|
|
Batting: LHB John Looney
|
0-0: Ball 1-0: Foul Ball, location: 2F 1-1: Ball 2-1: Ball 3-1: Base on Balls Kevin Rolison to second
|
|
Batting: LHB Ryan Dyal
|
0-0: Ball 1-0: Fly out, F8 (Flyball, 8RM, EV 84.4 MPH)
|
| Bottom of the 8th over - 4 runs, 4 hits, 0 errors, 2 left on base; Trenton 5 - Birmingham 8 |
| TOP OF THE 9TH |
|
Trenton Thunder batting - Pitching for Birmingham Barons : RHP Ryan Columbo
|
|
Pitching: LHP Rhett Beers
|
|
|
Now in LF: Casey McKinney
|
|
|
Now in CF: Justin Walker
|
|
|
Batting: RHB John Rodd
|
0-0: Ball 1-0: Ground out 6-3 (Groundball, 6, EV 80.0 MPH)
|
|
Batting: SHB Roberto Castaneda
|
0-0: DOUBLE (Flyball, 8LXD, EV 111.9 MPH)
|
|
Batting: RHB Stu Rancourt
|
0-0: Ball 1-0: Ball 2-0: Ball 3-0: Base on Balls
|
|
Batting: SHB David Bantista
|
0-0: Ball 1-0: Foul Ball, location: 2F 1-1: Called Strike 1-2: Strikes out swinging
|
|
Batting: RHB Jeremy Lewis
|
0-0: Reached on error, E7 (Flyball, 78D, EV 83.1 MPH) Roberto Castaneda scores Stu Rancourt to third
|
|
Batting: RHB Alex Harvey
|
0-0: Swinging Strike 0-1: Ball 1-1: Ball 2-1: Swinging Strike 2-2: Fly out, F7 (Flyball, 7, EV 83.8 MPH)
|
| Top of the 9th over - 1 run, 1 hit, 1 error, 2 left on base; Trenton 6 - Birmingham 8 |
|